[Event "Edmonton int."]
[Site "Edmonton CAN"]
[Date "2019.06.18"]
[Round "1.1"]
[White "Porper, Edward"]
[Black "Daggupati, Balaji"]
[Result "1/2-1/2"]
[ECO "D15"]
[WhiteElo "2382"]
[BlackElo "2331"]
[PlyCount "79"]
[EventDate "2019.06.19"]
[EventType "tourn"]
[EventRounds "9"]
[EventCountry "CAN"]
[TimeControl "1"]

1. d4 d5 2. c4 c6 3. Nf3 Nf6 4. Nc3 dxc4 5. e4 b5 6. Be2 e6 7. O-O Be7 8. a4 b4 9. e5 bxc3 10. exf6 Bxf6 11. bxc3 O-O 12. Ne5 Bxe5 13. dxe5 Qa5 14. Ba3 Rd8 15. Bd6 Nd7 16. Qd4 Nb6 17. f4 Nd5 18. Bxc4 Qxc3 19. Qxc3 Nxc3 20. Bd3 a5 21. Rfc1 Nd5 22. g3 Ba6 23. Be4 Rdc8 24. Rc5 Bb7 25. Rb1 Ra7 26. Bxd5 exd5 27. Kf2 f5 28. e6 Re8 29. e7 Kf7 30. Rcc1 Rxe7 31. Bxe7 Kxe7 32. Ke3 Kd6 33. Kd4 Ba6 34. Rb6 Bc4 35. Re1 Ra8 36. h4 g6 37. Re5 Rf8 38. Re1 Ra8 39. Re5 Rf8 40. Re1 {
Ke5+ [%emt 00:00:25] Ke4+ c5+ [%emt 0:01:25]} 1/2-1/2

[Event "Edmonton int."]
[Site "Edmonton CAN"]
[Date "2019.06.18"]
[Round "1.2"]
[White "Zierk, Steven"]
[Black "Findlay, Ian"]
[Result "1-0"]
[ECO "B55"]
[WhiteElo "2490"]
[BlackElo "2206"]
[PlyCount "63"]
[EventDate "2019.06.19"]
[EventType "tourn"]
[EventRounds "9"]
[EventCountry "CAN"]
[TimeControl "1"]

1. e4 c5 2. Nf3 d6 3. d4 cxd4 4. Nxd4 Nf6 5. f3 e5 6. Nb3 d5 7. Bg5 d4 8. c3 Nc6 9. Bb5 h6 10. Bxf6 Qxf6 11. cxd4 Bb4+ 12. Nc3 O-O 13. Bxc6 bxc6 14. dxe5 Qxe5 15. Qd4 Qe7 16. O-O Be6 17. Na4 Rfd8 18. Qe3 Rab8 19. Rfd1 Bxb3 20. axb3 Qe6 21. Rac1 f5 22. e5 Bf8 23. Rxd8 Rxd8 24. f4 Qd5 25. h3 Bb4 26. Rf1 Bd2 27. Qf3 Qb5 28. e6 Rd6 29. Rf2 Bc1 30. Rc2 Bd2 31. e7 Kf7 32. Rxd2 1-0

[Event "Edmonton int."]
[Site "Edmonton CAN"]
[Date "2019.06.18"]
[Round "1.3"]
[White "Shabalov, Alexander"]
[Black "Dave, Bhavik"]
[Result "1-0"]
[ECO "A18"]
[WhiteElo "2528"]
[BlackElo "1818"]
[PlyCount "37"]
[EventDate "2019.06.19"]
[EventType "tourn"]
[EventRounds "9"]
[EventCountry "CAN"]
[TimeControl "1"]

1. c4 Nf6 2. Nc3 e6 3. e4 d5 4. e5 d4 5. exf6 dxc3 6. bxc3 Qxf6 7. Nf3 c5 8. Bd3 Nc6 9. O-O Bd6 10. Be4 O-O 11. d4 h6 12. Be3 Rd8 13. Qb3 Qe7 14. Rad1 Bd7 15. dxc5 Bxc5 16. Qxb7 Bxe3 17. Rxd7 Qxd7 18. Qxd7 Bxf2+ 19. Kxf2 1-0

[Event "Edmonton int."]
[Site "Edmonton CAN"]
[Date "2019.06.18"]
[Round "1.4"]
[White "Noritsyn, Nikolay"]
[Black "Balakrishnan, Praveen"]
[Result "1/2-1/2"]
[ECO "A01"]
[WhiteElo "2508"]
[BlackElo "2428"]
[PlyCount "137"]
[EventDate "2019.06.19"]
[EventType "tourn"]
[EventRounds "9"]
[EventCountry "CAN"]
[TimeControl "1"]

1. b3 e5 2. Bb2 Nc6 3. e3 Nf6 4. Nf3 e4 5. Nd4 Nxd4 6. Bxd4 Be7 7. c4 b6 8. Nc3 Bb7 9. g4 c5 10. Be5 d6 11. Bf4 g5 12. Bxg5 Rg8 13. Bf4 Rxg4 14. Bg3 Rg8 15. Bh3 h5 16. Qc2 Ng4 17. O-O-O h4 18. f3 exf3 19. Qh7 Rg6 20. Bf4 f2 21. Rhf1 Bf3 22. Nd5 Bf8 23. Bxg4 Rxg4 24. Rxf2 Bxd5 25. cxd5 Qf6 26. Qe4+ Kd7 27. Qa4+ Kd8 28. Rdf1 Bg7 29. Kd1 Rg6 30. h3 Qe7 31. Bh2 f6 32. Qc6 Rc8 33. Qxd6+ Qxd6 34. Bxd6 Kd7 35. Bh2 c4 36. bxc4 Rxc4 37. Rf4 Rc5 38. Rxh4 Rxd5 39. Rf2 f5 40. Rh5 Ke6 41. a4 Ra5 42. Rh4 Rh6 43. Rff4 Rg6 44. Rc4 Rc5 45. Rxc5 bxc5 46. Bb8 a6 47. Ba7 Bf8 48. Rh8 Be7 49. Kc2 Kd5 50. a5 Rg2 51. Rh6 Bd6 52. Rh5 Rf2 53. Bb6 Be7 54. h4 Kc4 55. Rh7 Bd6 56. Rd7 Be5 57. Kd1 f4 58. exf4 Bxf4 59. Bd8 Rh2 60. Bf6 Bg3 61. Rg7 Bf4 62. Rd7 Bg3 63. d3+ Kb4 64.
Rg7 Bd6 65. Rd7 Bg3 66. Rg7 Bd6 67. Rg6 Bc7 68. Bg5 Kxa5 69. Re6 1/2-1/2

[Event "Edmonton int."]
[Site "Edmonton CAN"]
[Date "2019.06.18"]
[Round "1.5"]
[White "Banerjee, Bitan"]
[Black "Paragua, Mark"]
[Result "1/2-1/2"]
[ECO "E60"]
[WhiteElo "2427"]
[BlackElo "2501"]
[PlyCount "93"]
[EventDate "2019.06.19"]
[EventType "tourn"]
[EventRounds "9"]
[EventCountry "CAN"]
[TimeControl "1"]

1. d4 Nf6 2. c4 g6 3. Nf3 Bg7 4. e3 O-O 5. Be2 d5 6. cxd5 Nxd5 7. e4 Nb6 8. O-O Bg4 9. Nbd2 e5 10. Nxe5 Bxe2 11. Qxe2 Qxd4 12. Ndf3 Qb4 13. Nd3 Qb5 14. Bf4 Na6 15. Qc2 Rad8 16. Rad1 Rfe8 17. e5 Rd5 18. b3 Nc5 19. Nxc5 Rxc5 20. Qd2 Rd5 21. Qc2 Red8 22. h4 Rxd1 23. Rxd1 Rxd1+ 24. Qxd1 Nd5 25. Bg3 c6 26. Ng5 Qb4 27. h5 h6 28. Nf3 Qe4 29. hxg6 fxg6 30. Qd2 b6 31. Qc1 c5 32. Nd2 Qe2 33. Nf3 Kh7 34. a3 Qe4 35. Kh2 Ne7 36. Qd2 Qd5 37. Qc2 Nf5 38. Bf4 b5 39. a4 bxa4 40. bxa4 c4 41. Kh1 a5 42. Nd2 Qd4 43. Qxc4 Qxf2 44. Ne4 Qh4+ 45. Kg1 Qe1+ 46. Kh2 Qh4+ 47. Kg1 1/2-1/2

[Event "Edmonton int."]
[Site "Edmonton CAN"]
[Date "2019.06.19"]
[Round "2.1"]
[White "Daggupati, Balaji"]
[Black "Paragua, Mark"]
[Result "1-0"]
[ECO "B90"]
[WhiteElo "2331"]
[BlackElo "2501"]
[PlyCount "57"]
[EventDate "2019.06.19"]
[EventType "tourn"]
[EventRounds "9"]
[EventCountry "CAN"]
[TimeControl "1"]

1. e4 c5 2. Nf3 d6 3. d4 cxd4 4. Nxd4 Nf6 5. Nc3 a6 6. Qe2 e5 7. Nf5 d5 8. Bg5 d4 9. O-O-O Nc6 10. f4 Qa5 11. fxe5 dxc3 12. exf6 g6 13. Rd5 Qxa2 14. bxc3 gxf5 15. exf5+ Be6 16. Rd3 Ba3+ 17. Kd2 Qa1 18. Qxe6+ fxe6 19. Be2 h6 20. Rxa1 hxg5 21. Rxa3 exf5 22. Rb3 Na5 23. Rb4 Kf7 24. Rd6 Kg6 25. g4 Rxh2 26. gxf5+ Kh6 27. Re4 Rf8 28. Kc1 Rf2 29. Re8 1-0

[Event "Edmonton int."]
[Site "Edmonton CAN"]
[Date "2019.06.19"]
[Round "2.2"]
[White "Balakrishnan, Praveen"]
[Black "Banerjee, Bitan"]
[Result "1/2-1/2"]
[ECO "A44"]
[WhiteElo "2428"]
[BlackElo "2427"]
[PlyCount "72"]
[EventDate "2019.06.19"]
[EventType "tourn"]
[EventRounds "9"]
[EventCountry "CAN"]
[TimeControl "1"]

1. d4 c5 2. d5 e5 3. e4 d6 4. Nc3 Be7 5. Nf3 Bg4 6. h3 Bxf3 7. Qxf3 a6 8. Qg3 g6 9. h4 Nf6 10. a4 Nh5 11. Qh2 h6 12. Be2 Ng7 13. h5 gxh5 14. Bxh5 Bg5 15. Qg3 Nd7 16. Be2 Rg8 17. f4 exf4 18. Bxf4 Qf6 19. Bxg5 hxg5 20. O-O-O Ne5 21. Rdf1 Qe7 22. Nd1 O-O-O 23. Ne3 Rh8 24. Ng4 Nd7 25. Qf3 f6 26. Bd3 Rdf8 27. Rh3 Kc7 28. Rfh1 Rxh3 29. Rxh3 Ne5 30. Qg3 Ng6 31. Rh7 Rh8 32. Rxh8 Nxh8 33. Qf3 Ne8 34. Qf5 Nf7 35. Be2 Ne5 36. a5 Kd8 1/2-1/2

[Event "Edmonton int."]
[Site "Edmonton CAN"]
[Date "2019.06.19"]
[Round "2.3"]
[White "Dave, Bhavik"]
[Black "Noritsyn, Nikolay"]
[Result "0-1"]
[ECO "A46"]
[WhiteElo "1818"]
[BlackElo "2508"]
[PlyCount "68"]
[EventDate "2019.06.19"]
[EventType "tourn"]
[EventRounds "9"]
[EventCountry "CAN"]
[TimeControl "1"]

1. d4 e6 2. Nf3 d5 3. g3 Nf6 4. Bg2 b5 5. O-O Be7 6. b3 Ba6 7. Bb2 Nbd7 8. Nfd2 O-O 9. e4 c5 10. dxc5 Nxc5 11. exd5 exd5 12. Nc3 Rc8 13. Re1 Re8 14. Ne2 Qb6 15. Bd4 Qc7 16. Nf4 Bb7 17. Be5 Qa5 18. Bh3 Rcd8 19. Nd3 Nce4 20. Nf3 b4 21. Qc1 Qb5 22. Nd4 Qb6 23. Qe3 Bf8 24. Nf3 Nc5 25. Qc1 d4 26. Bg2 Nce4 27. Ng5 Nxg5 28. Bxb7 Nh3+ 29. Kg2 Qxb7+ 30. Kxh3 Re6 31. Nf4 Rc6 32. Qd1 Nd7 33. Qf3 Rh6+ 34. Kg4 f5+ 0-1

[Event "Edmonton int."]
[Site "Edmonton CAN"]
[Date "2019.06.19"]
[Round "2.4"]
[White "Findlay, Ian"]
[Black "Shabalov, Alexander"]
[Result "1-0"]
[ECO "B72"]
[WhiteElo "2206"]
[BlackElo "2528"]
[PlyCount "87"]
[EventDate "2019.06.19"]
[EventType "tourn"]
[EventRounds "9"]
[EventCountry "CAN"]
[TimeControl "1"]

1. e4 c5 2. Nf3 d6 3. d4 cxd4 4. Nxd4 Nf6 5. Nc3 g6 6. Be3 a6 7. f3 b5 8. Qd2 Bb7 9. a4 e5 10. Nb3 b4 11. Nd5 Nxd5 12. exd5 Nd7 13. Rd1 a5 14. Bb5 Bg7 15. O-O O-O 16. c3 Nb6 17. c4 Ba6 18. Qd3 Bxb5 19. axb5 a4 20. c5 dxc5 21. Nxc5 a3 22. b3 a2 23. Na6 Re8 24. d6 f5 25. Qd2 f4 26. Bf2 e4 27. fxe4 a1=Q 28. Rxa1 Bxa1 29. Rxa1 Rxe4 30. Rd1 Re5 31. Nc7 Rb8 32. Qxf4 Rf5 33. Qe4 Qd7 34. Qc6 Rxf2 35. Kxf2 Rf8+ 36. Kg1 Qg4 37. Qc2 Rf7 38. h3 Qg3 39. Qd3 Qf2+ 40. Kh1 Nd7 41. Nd5 Ne5 42. Ne7+ Kf8 43. Qd4 Qe2 44. Nc6 1-0

[Event "Edmonton int."]
[Site "Edmonton CAN"]
[Date "2019.06.19"]
[Round "2.5"]
[White "Porper, Edward"]
[Black "Zierk, Steven"]
[Result "1/2-1/2"]
[ECO "E16"]
[WhiteElo "2382"]
[BlackElo "2490"]
[PlyCount "88"]
[EventDate "2019.06.19"]
[EventType "tourn"]
[EventRounds "9"]
[EventCountry "CAN"]
[TimeControl "1"]

1. d4 Nf6 2. c4 e6 3. Nf3 Bb4+ 4. Bd2 Qe7 5. g3 b6 6. Bg2 Bb7 7. O-O Bxd2 8. Qxd2 O-O 9. Nc3 d6 10. d5 a5 11. Nd4 Na6 12. e4 Nc5 13. Rfe1 Rfe8 14. b3 Qf8 15. h3 g6 16. Rab1 Red8 17. a3 e5 18. Ndb5 c6 19. dxc6 Bxc6 20. b4 Bxb5 21. Nxb5 Ne6 22. Qe3 Rdb8 23. Red1 Ne8 24. h4 N6c7 25. Nxc7 Nxc7 26. Bh3 axb4 27. axb4 Qe7 28. Qd3 Rd8 29. Ra1 Na6 30. Qb3 Qb7 31. Ra3 h5 32. Rda1 Nc7 33. Qd3 Rxa3 34. Rxa3 Qc6 35. Ra7 Ra8 36. Rxa8+ Nxa8 37. b5 Qc5 38. Qd5 Nc7 39. Qxc5 dxc5 40. f4 exf4 41. gxf4 f6 42. Kf2 Kf7 43. Ke3 Ne8 44. e5 f5 {
Ke4 [%emt 00:00:23] [%emt 0:01:41]} 1/2-1/2

[Event "Edmonton int."]
[Site "Edmonton CAN"]
[Date "2019.06.19"]
[Round "3.1"]
[White "Zierk, Steven"]
[Black "Daggupati, Balaji"]
[Result "1-0"]
[ECO "D23"]
[WhiteElo "2490"]
[BlackElo "2331"]
[PlyCount "81"]
[EventDate "2019.06.19"]
[EventType "tourn"]
[EventRounds "9"]
[EventCountry "CAN"]
[TimeControl "1"]

1. d4 d5 2. c4 c6 3. Nf3 Nf6 4. Qb3 dxc4 5. Qxc4 Bf5 6. g3 Nbd7 7. Bg2 Nb6 8. Qb3 Qd5 9. Nbd2 Ne4 10. Ne5 e6 11. Qxd5 exd5 12. g4 Be6 13. Nxe4 dxe4 14. Bxe4 O-O-O 15. f3 f6 16. Nd3 Rxd4 17. Be3 Ra4 18. Kf2 Ra5 19. b3 Bd6 20. Bd2 Rb5 21. Nf4 Bf7 22. h4 h5 23. Bd3 Re5 24. Bg6 Bc5+ 25. Ke1 Bd4 26. Rd1 Bd5 27. Bf5+ Kb8 28. Ng6 Bxf3 29. Bf4 Bxh1 30. Nxh8 c5 31. e3 hxg4 32. Bxg4 Nd5 33. Bxe5+ Bxe5 34. Kf2 Be4 35. Nf7 Bb2 36. Bf3 Nc3 37. Rd7 f5 38. Nd6 Bxf3 39. Kxf3 Nxa2 40. Ne8 Kc8 41. Rd2 1-0

[Event "Edmonton int."]
[Site "Edmonton CAN"]
[Date "2019.06.19"]
[Round "3.2"]
[White "Shabalov, Alexander"]
[Black "Porper, Edward"]
[Result "1/2-1/2"]
[ECO "D78"]
[WhiteElo "2528"]
[BlackElo "2382"]
[PlyCount "73"]
[EventDate "2019.06.19"]
[EventType "tourn"]
[EventRounds "9"]
[EventCountry "CAN"]
[TimeControl "1"]

1. d4 d5 2. c4 c6 3. Nf3 Nf6 4. Nbd2 g6 5. g3 Bg7 6. Bg2 O-O 7. O-O Ne4 8. Qb3 Nxd2 9. Bxd2 dxc4 10. Qxc4 Be6 11. Qb4 Bd5 12. Rfd1 b6 13. Bf4 a5 14. Qd2 Nd7 15. Qd3 Nf6 16. a3 Be4 17. Qe3 Qd5 18. Rac1 a4 19. h3 Ra5 20. Rc3 Rb5 21. Qc1 Qa2 22. Rd2 Nd5 23. Rc4 Nxf4 24. gxf4 Bd5 25. Rxa4 c5 26. Ne5 Bxg2 27. Kxg2 cxd4 28. Qc4 Qxc4 29. Rxc4 Bxe5 30. fxe5 Rxe5 31. Rcxd4 Rc8 32. Rd8+ Rxd8 33. Rxd8+ Kg7 34. e3 Rc5 35. Rd4 b5 36. Rb4 f5 37. b3 1/2-1/2

[Event "Edmonton int."]
[Site "Edmonton CAN"]
[Date "2019.06.19"]
[Round "3.3"]
[White "Noritsyn, Nikolay"]
[Black "Findlay, Ian"]
[Result "1-0"]
[ECO "B76"]
[WhiteElo "2508"]
[BlackElo "2206"]
[PlyCount "81"]
[EventDate "2019.06.19"]
[EventType "tourn"]
[EventRounds "9"]
[EventCountry "CAN"]
[TimeControl "1"]

1. e4 c5 2. Nf3 d6 3. d4 cxd4 4. Nxd4 Nf6 5. Nc3 g6 6. Be3 Bg7 7. f3 Nc6 8. Qd2 O-O 9. O-O-O d5 10. Nxc6 bxc6 11. Bh6 Bxh6 12. Qxh6 Rb8 13. e5 Nd7 14. h4 Nxe5 15. h5 Bf5 16. g4 f6 17. Qd2 Be6 18. hxg6 Nxg6 19. Bd3 Rf7 20. Ne2 Qb6 21. b3 Rg7 22. Ng3 Qb4 23. Qh2 Qf4+ 24. Kb1 Kf8 25. Qf2 Bxg4 26. Ne2 Qxf3 27. Qxa7 Rc8 28. Rdf1 Qg2 29. Rfg1 Qf3 30. Nd4 Qf4 31. Rxg4 Qxg4 32. Bf5 Qg2 33. Ne6+ Kf7 34. Rg1 Qf3 35. Nxg7 Rg8 36. Bg4 Qf4 37. Be6+ Kxg7 38. Bxg8 Kxg8 39. Qxe7 Qf2 40. Qe8+ Kg7 41. Qd7+ 1-0

[Event "Edmonton int."]
[Site "Edmonton CAN"]
[Date "2019.06.19"]
[Round "3.4"]
[White "Banerjee, Bitan"]
[Black "Dave, Bhavik"]
[Result "1-0"]
[ECO "E08"]
[WhiteElo "2427"]
[BlackElo "1818"]
[PlyCount "67"]
[EventDate "2019.06.19"]
[EventType "tourn"]
[EventRounds "9"]
[EventCountry "CAN"]
[TimeControl "1"]

1. Nf3 Nf6 2. c4 e6 3. g3 d5 4. Bg2 c6 5. O-O Nbd7 6. d4 Be7 7. Qc2 O-O 8. Bf4 Nh5 9. Bd2 Bd6 10. e4 dxe4 11. Qxe4 Re8 12. Bc3 Qe7 13. a3 Nf8 14. Nbd2 Nf6 15. Qe2 Rb8 16. Ne5 N6d7 17. Ne4 c5 18. Nxd6 Qxd6 19. dxc5 Nxc5 20. Nxf7 Kxf7 21. Be5 Qd3 22. Qxd3 Nxd3 23. Bxb8 Nxb2 24. Bxa7 Nxc4 25. Rfc1 b5 26. a4 Bd7 27. a5 Ng6 28. Bd4 Ne7 29. a6 Nc6 30. Bc5 N4a5 31. Rab1 Ra8 32. a7 Nb7 33. Be3 Nca5 34. Bxb7 1-0

[Event "Edmonton int."]
[Site "Edmonton CAN"]
[Date "2019.06.19"]
[Round "3.5"]
[White "Paragua, Mark"]
[Black "Balakrishnan, Praveen"]
[Result "1-0"]
[ECO "E90"]
[WhiteElo "2501"]
[BlackElo "2428"]
[PlyCount "83"]
[EventDate "2019.06.19"]
[EventType "tourn"]
[EventRounds "9"]
[EventCountry "CAN"]
[TimeControl "1"]

1. d4 Nf6 2. Nf3 g6 3. c4 c5 4. d5 d6 5. Nc3 Bg7 6. e4 O-O 7. h3 e5 8. Be3 Ne8 9. g4 f5 10. gxf5 gxf5 11. exf5 Bxf5 12. Ng5 Qe7 13. Bd3 e4 14. Ngxe4 Nd7 15. Bc2 Nb6 16. Qe2 Bxc3+ 17. bxc3 Bxe4 18. Rg1+ Bg6 19. Bxg6 hxg6 20. Rxg6+ Ng7 21. O-O-O Rf7 22. Rdg1 Re8 23. Re6 Qf8 24. Bxc5 Rxe6 25. dxe6 Rc7 26. Bd4 Nc8 27. Qe4 b5 28. cxb5 Qe8 29. e7 Qxe7 30. Rxg7+ Qxg7 31. Bxg7 Kxg7 32. Qd4+ Kg6 33. h4 Rc5 34. Qg4+ Kf6 35. Qf3+ Kg6 36. h5+ Kg5 37. Qh3 Kh6 38. Qg4 Kh7 39. Qg6+ Kh8 40. Qf6+ Kh7 41. Qf7+ Kh8 42. h6 1-0

[Event "Edmonton int."]
[Site "Edmonton CAN"]
[Date "2019.06.20"]
[Round "4.1"]
[White "Daggupati, Balaji"]
[Black "Balakrishnan, Praveen"]
[Result "1/2-1/2"]
[ECO "B31"]
[WhiteElo "2331"]
[BlackElo "2428"]
[PlyCount "61"]
[EventDate "2019.06.19"]
[EventType "tourn"]
[EventRounds "9"]
[EventCountry "CAN"]
[TimeControl "1"]

1. e4 c5 2. Nf3 Nc6 3. Bb5 g6 4. O-O Bg7 5. Re1 e5 6. b4 Nxb4 7. Bb2 a6 8. a3 axb5 9. axb4 Rxa1 10. Bxa1 d6 11. bxc5 Ne7 12. cxd6 Qxd6 13. d4 exd4 14. Bxd4 O-O 15. Bxg7 Qxd1 16. Rxd1 Kxg7 17. Nd4 Bd7 18. Na3 b4 19. Nc4 Nc6 20. Nb6 Bg4 21. f3 Rd8 22. Nd5 Be6 23. Nb3 Ne7 24. Rd4 Bxd5 25. exd5 Nxd5 26. Nc5 Kf6 27. Nd3 Ke6 28. Nxb4 Rd6 29. Nxd5 Rxd5 30. Rb4 b5 31. c4 1/2-1/2

[Event "Edmonton int."]
[Site "Edmonton CAN"]
[Date "2019.06.20"]
[Round "4.2"]
[White "Dave, Bhavik"]
[Black "Paragua, Mark"]
[Result "0-1"]
[ECO "D85"]
[WhiteElo "1818"]
[BlackElo "2501"]
[PlyCount "56"]
[EventDate "2019.06.19"]
[EventType "tourn"]
[EventRounds "9"]
[EventCountry "CAN"]
[TimeControl "1"]

1. d4 Nf6 2. c4 g6 3. Nc3 d5 4. cxd5 Nxd5 5. Bd2 Bg7 6. e4 Nb6 7. Be3 O-O 8. h3 f5 9. exf5 Bxf5 10. Nf3 Nc6 11. g4 Be6 12. Ng5 Bd5 13. Rg1 h6 14. Nxd5 Qxd5 15. Bg2 Qa5+ 16. Bd2 Qb5 17. Ne6 Nxd4 18. Nxg7 Kxg7 19. Be3 Qb4+ 20. Qd2 Nc2+ 21. Ke2 Qb5+ 22. Qd3 Qxd3+ 23. Kxd3 Nxa1 24. Rxa1 Rad8+ 25. Kc2 Nc4 26. Bc5 b6 27. Kc3 bxc5 28. Kxc4 Rxf2 0-1

[Event "Edmonton int."]
[Site "Edmonton CAN"]
[Date "2019.06.20"]
[Round "4.3"]
[White "Findlay, Ian"]
[Black "Banerjee, Bitan"]
[Result "1/2-1/2"]
[ECO "B90"]
[WhiteElo "2206"]
[BlackElo "2427"]
[PlyCount "84"]
[EventDate "2019.06.19"]
[EventType "tourn"]
[EventRounds "9"]
[EventCountry "CAN"]
[TimeControl "1"]

1. e4 c5 2. Nf3 d6 3. d4 cxd4 4. Nxd4 Nf6 5. Nc3 a6 6. h3 e5 7. Nde2 h5 8. Nd5 Nxe4 9. Be3 Nd7 10. g3 Nef6 11. Nec3 b5 12. Bg2 Rb8 13. Ba7 Rb7 14. Nxf6+ Nxf6 15. Bc6+ Rd7 16. Be3 Bb7 17. Bxb7 Rxb7 18. Qf3 Qc8 19. O-O-O Rc7 20. Kb1 Qb7 21. Nd5 Nxd5 22. Rxd5 Qc6 23. c3 Be7 24. Rhd1 Qc4 25. Bb6 Rc8 26. Ba5 Rh6 27. Bb4 Rd8 28. Ba5 Rb8 29. Bb4 Qc7 30. Qd3 Rd8 31. a4 Rb8 32. axb5 axb5 33. Bxd6 Rxd6 34. Rxd6 Bxd6 35. Qxd6 Qxd6 36. Rxd6 Ke7 37. Ra6 b4 38. Kc2 bxc3 39. bxc3 Rd8 40. h4 g6 41. Rb6 Rd7 42. Ra6 Rd8 1/2-1/2

[Event "Edmonton int."]
[Site "Edmonton CAN"]
[Date "2019.06.20"]
[Round "4.4"]
[White "Porper, Edward"]
[Black "Noritsyn, Nikolay"]
[Result "1-0"]
[ECO "D21"]
[WhiteElo "2382"]
[BlackElo "2508"]
[PlyCount "57"]
[EventDate "2019.06.19"]
[EventType "tourn"]
[EventRounds "9"]
[EventCountry "CAN"]
[TimeControl "1"]

1. d4 d5 2. c4 dxc4 3. Nf3 e6 4. Nc3 a6 5. e4 b5 6. a4 b4 7. Nb1 Bb7 8. Qc2 Nf6 9. e5 Bxf3 10. gxf3 Nd5 11. Qxc4 c5 12. Nd2 Nc6 13. Nb3 Be7 14. Rg1 g6 15. Bh6 Nb6 16. Qd3 c4 17. Qe4 Qd5 18. a5 cxb3 19. axb6 Qxe4+ 20. fxe4 Nxd4 21. O-O-O Nc6 22. Be3 Na5 23. Kb1 Bd8 24. Be2 O-O 25. Rd6 Re8 26. Rgd1 Nb7 27. Rd7 Re7 28. Rxe7 Bxe7 29. Rd7 1-0

[Event "Edmonton int."]
[Site "Edmonton CAN"]
[Date "2019.06.20"]
[Round "4.5"]
[White "Zierk, Steven"]
[Black "Shabalov, Alexander"]
[Result "0-1"]
[ECO "B48"]
[WhiteElo "2490"]
[BlackElo "2528"]
[PlyCount "54"]
[EventDate "2019.06.19"]
[EventType "tourn"]
[EventRounds "9"]
[EventCountry "CAN"]
[TimeControl "1"]

1. e4 c5 2. Nf3 e6 3. d4 cxd4 4. Nxd4 Nc6 5. Nc3 Qc7 6. Be3 a6 7. Qf3 Nf6 8. O-O-O h5 9. h4 b5 10. Nxc6 Qxc6 11. Bd4 b4 12. Nd5 exd5 13. exd5 Nxd5 14. Bc4 Qxc4 15. Rhe1+ Ne7 16. Qxa8 Rh6 17. b3 Qc6 18. Qb8 Re6 19. Be5 Qb7 20. Qxb7 Bxb7 21. Bd6 Bxg2 22. Bxb4 Bc6 23. Rxe6 fxe6 24. Bd2 Nf5 25. Bg5 Be7 26. Rg1 Bf6 27. Kd2 Kf7 0-1

[Event "Edmonton int."]
[Site "Edmonton CAN"]
[Date "2019.06.20"]
[Round "5.1"]
[White "Shabalov, Alexander"]
[Black "Daggupati, Balaji"]
[Result "1-0"]
[ECO "D10"]
[WhiteElo "2528"]
[BlackElo "2331"]
[PlyCount "45"]
[EventDate "2019.06.19"]
[EventType "tourn"]
[EventRounds "9"]
[EventCountry "CAN"]
[TimeControl "1"]

1. d4 d5 2. c4 c6 3. Nc3 dxc4 4. e3 b5 5. a4 b4 6. Ne4 Qd5 7. Ng3 Nf6 8. Be2 Ba6 9. e4 Nxe4 10. Bf3 f5 11. N1e2 c3 12. O-O Qc4 13. Nxf5 cxb2 14. Bxb2 Ng5 15. Bh5+ g6 16. Neg3 gxh5 17. Re1 Kd8 18. d5 Rg8 19. dxc6+ Kc8 20. Rxe7 Qf1+ 21. Qxf1 Bxf1 22. Nd6+ Kd8 23. c7+ 1-0

[Event "Edmonton int."]
[Site "Edmonton CAN"]
[Date "2019.06.20"]
[Round "5.2"]
[White "Noritsyn, Nikolay"]
[Black "Zierk, Steven"]
[Result "0-1"]
[ECO "C02"]
[WhiteElo "2508"]
[BlackElo "2490"]
[PlyCount "106"]
[EventDate "2019.06.19"]
[EventType "tourn"]
[EventRounds "9"]
[EventCountry "CAN"]
[TimeControl "1"]

1. e4 e6 2. d4 d5 3. e5 c5 4. c3 Nc6 5. Nf3 Bd7 6. a3 c4 7. Be2 f6 8. O-O fxe5 9. Nxe5 Nxe5 10. dxe5 Bc5 11. b3 cxb3 12. Nd2 Ne7 13. Nxb3 Ba4 14. Bd3 Bxb3 15. Qxb3 Qc7 16. Qa4+ Nc6 17. Qh4 Qxe5 18. Rb1 Be7 19. Qg4 O-O 20. Rxb7 Rf7 21. Qh3 g6 22. Rb2 Qf6 23. Re2 Ne5 24. Ba6 Bc5 25. Kh1 h5 26. Be3 Bb6 27. c4 d4 28. Bd2 d3 29. Re4 Ng4 30. Rf4 Nxf2+ 31. R4xf2 Bxf2 32. c5 Qf5 33. Qxf5 Rxf5 34. Bxd3 Bxc5 35. Bxf5 gxf5 36. a4 Rd8 37. Bg5 Rd4 38. a5 Bb4 39. Be3 Re4 40. Bxa7 Bxa5 41. g3 Kf7 42. Rb1 Re2 43. Rb7+ Kg6 44. Bd4 e5 45. Bc5 h4 46. Ra7 Be1 47. Ra3 h3 48. Kg1 Rc2 49. Be3 Bf2+ 50. Kf1 Bxe3 51. Rxe3 Kf6 52. Kg1 Rc1+ 53. Kf2 Rh1 0-1

[Event "Edmonton int."]
[Site "Edmonton CAN"]
[Date "2019.06.20"]
[Round "5.3"]
[White "Banerjee, Bitan"]
[Black "Porper, Edward"]
[Result "1/2-1/2"]
[ECO "D46"]
[WhiteElo "2427"]
[BlackElo "2382"]
[PlyCount "60"]
[EventDate "2019.06.19"]
[EventType "tourn"]
[EventRounds "9"]
[EventCountry "CAN"]
[TimeControl "1"]

1. d4 d5 2. c4 c6 3. Nf3 Nf6 4. Nc3 e6 5. e3 Nbd7 6. Qc2 Bd6 7. Bd3 O-O 8. O-O dxc4 9. Bxc4 Qe7 10. Rd1 a6 11. a3 h6 12. Be2 b5 13. h3 c5 14. dxc5 Bxc5 15. Ne4 Bb7 16. Nxf6+ Nxf6 17. Bd3 Rac8 18. Qe2 Ne4 19. Nd2 Nxd2 20. Bxd2 Rfd8 21. Rac1 Bb6 22. Rxc8 Rxc8 23. Qg4 Qg5 24. Qxg5 hxg5 25. Bc3 Rd8 26. Bc2 Rxd1+ 27. Bxd1 Bd5 28. Be2 f6 29. Bd3 Kf7 30. Kf1 e5 1/2-1/2

[Event "Edmonton int."]
[Site "Edmonton CAN"]
[Date "2019.06.20"]
[Round "5.4"]
[White "Paragua, Mark"]
[Black "Findlay, Ian"]
[Result "1-0"]
[ECO "A45"]
[WhiteElo "2501"]
[BlackElo "2206"]
[PlyCount "63"]
[EventDate "2019.06.19"]
[EventType "tourn"]
[EventRounds "9"]
[EventCountry "CAN"]
[TimeControl "1"]

1. d4 Nf6 2. Bg5 Ne4 3. Bf4 d5 4. e3 c5 5. Bd3 cxd4 6. Bxe4 dxe4 7. Qxd4 Qxd4 8. exd4 Nc6 9. c3 Bf5 10. Nd2 O-O-O 11. Ne2 Bg6 12. Ng3 f5 13. f3 exf3 14. Nxf3 e6 15. O-O-O Bd6 16. Bxd6 Rxd6 17. Rhe1 h6 18. h4 Rhd8 19. Rd2 Bf7 20. Rde2 g6 21. Nh1 Rg8 22. Nf2 g5 23. hxg5 hxg5 24. g4 fxg4 25. Nxg4 Bh5 26. Rg1 Nd8 27. Nfe5 Nc6 28. Nc4 Rdd8 29. Rxe6 Bxg4 30. Rxg4 Rd5 31. Rd6 Rb5 32. a4 1-0

[Event "Edmonton int."]
[Site "Edmonton CAN"]
[Date "2019.06.20"]
[Round "5.5"]
[White "Balakrishnan, Praveen"]
[Black "Dave, Bhavik"]
[Result "1-0"]
[ECO "E09"]
[WhiteElo "2428"]
[BlackElo "1818"]
[PlyCount "85"]
[EventDate "2019.06.19"]
[EventType "tourn"]
[EventRounds "9"]
[EventCountry "CAN"]
[TimeControl "1"]

1. c4 Nf6 2. g3 e6 3. Bg2 d5 4. Nf3 c6 5. O-O Nbd7 6. d4 Be7 7. Qc2 O-O 8. Nbd2 b6 9. e4 Nxe4 10. Nxe4 dxe4 11. Qxe4 Bb7 12. Rd1 Nf6 13. Qc2 Qc8 14. c5 Rd8 15. Bf4 Nd5 16. Bg5 Qc7 17. Bxe7 Qxe7 18. Nd2 Nf6 19. Nb3 Nd5 20. Rac1 Nb4 21. Qd2 Nd5 22. Qe1 Rac8 23. Nd2 Nf6 24. Nf3 Nd7 25. Qe3 Ra8 26. Nd2 Nf6
27. Nc4 b5 28. Ne5 Rdc8 29. a4 a6 30. Ra1 Qe8 31. h4 h6 32. g4 Nd7 33. g5 hxg5
34. hxg5 Nxe5 35. dxe5 Rd8 36. Rd6 Rxd6 37. exd6 Bc8 38. axb5 Bb7 39. b6 Qd8
40. Ra4 Qd7 41. Rh4 f6 42. g6 e5 43. Qb3+ 1-0

[Event "Edmonton int."]
[Site "Edmonton CAN"]
[Date "2019.06.21"]
[Round "6.1"]
[White "Daggupati, Balaji"]
[Black "Dave, Bhavik"]
[Result "1-0"]
[ECO "C80"]
[WhiteElo "2331"]
[BlackElo "1818"]
[PlyCount "75"]
[EventDate "2019.06.19"]
[EventType "tourn"]
[EventRounds "9"]
[EventCountry "CAN"]
[TimeControl "1"]

1. e4 e5 2. Nf3 Nc6 3. Bb5 a6 4. Ba4 Nf6 5. d4 exd4 6. O-O Nxe4 7. Re1 d5 8. Nxd4 Be7 9. Nxc6 bxc6 10. Bxc6+ Bd7 11. Bxd5 Nd6 12. Bxa8 Qxa8 13. Nc3 Be6 14. Bf4 O-O 15. Bxd6 Bxd6 16. Ne4 Bb4 17. c3 Be7 18. Qh5 Qb7 19. b3 Qb6 20. Ng5 h6 21. Nxe6 fxe6 22. Qe2 Rf6 23. Kh1 Bc5 24. f3 h5 25. Rad1 Bd6 26. Qc4 Kf7 27. Rd4 g5 28. Qd3 Kg7 29. Rde4 e5 30. Rxe5 Bxe5 31. Rxe5 Qf2 32. Re7+ Rf7 33. Qd4+ Qxd4 34. Rxf7+ Kxf7 35. cxd4 Ke6 36. h4 Kf5 37. hxg5 Kxg5 38. Kh2 1-0